 Dungeon Crawl Stone Soup version 0.19.0-2-gae57169 (webtiles) character file.

882 IcyTea the Cutter (level 8, 0/41 HPs)
             Began as a Kobold Ice Elementalist on Nov 6, 2016.
             Slain by Menkaure (19 damage)
             ... on level 5 of the Dungeon.
             The game lasted 00:26:06 (5060 turns).

IcyTea the Cutter (Kobold Ice Elementalist)         Turns: 5060, Time: 00:26:07

Health: 0/41       AC:  2    Str:  8    XL:     8   Next: 25%
Magic:  4/14       EV: 15    Int: 20    God:
Gold:   211        SH:  0    Dex: 15    Spells: 4 memorised, 4 levels left

rFire  . . .     SeeInvis .     a - +4 rapier
rCold  . . .     Gourm    .     e - +0 robe
rNeg   . . .     Faith    .     (shield restricted)
rPois  .         Spirit   .     (no helmet)
rElec  .         Reflect  .     (no cloak)
rCorr  .         Harm     .     (no gloves)
MR     .....                    (no boots)
Stlth  +++.......               (no amulet)
                                (no ring)
                                p - ring of stealth

@: very slightly contaminated
A: carnivore 3, clever 1, strong 1
a: no special abilities


You were on level 5 of the Dungeon.
You were completely stuffed.

You visited 1 branch of the dungeon, and saw 5 of its levels.

You collected 211 gold pieces.

Inventory:

Hand Weapons
 a - a +4 rapier (weapon)
 b - a +0 arbalest
 l - a +1 dagger of venom
Missiles
 g - 20 bolts
 m - 7 tomahawks (quivered)
Armour
 e - a +0 robe (worn)
Jewellery
 p - a ring of stealth (left hand)
Wands
 i - a wand of teleportation (3/9)
Scrolls
 d - 2 scrolls of recharging
 j - 4 scrolls of remove curse
 k - a scroll of amnesia
 n - a scroll of identify
Potions
 h - a potion of haste
Books
 s - a book of Frost

   Spells                             Type                      Level
   a - Freeze                         Ice                          1
   b - Throw Frost                    Conjuration/Ice              2
   c - Ozocubu's Armour               Charms/Ice                   3
   d - Throw Icicle                   Conjuration/Ice              4
   e - Summon Ice Beast               Ice/Summoning                4
Comestibles
 c - 4 meat rations
 f - 3 royal jellies
 o - 3 chunks of flesh


   Skills:
 - Level 7.0 Short Blades
 - Level 2.4 Dodging
 - Level 2.6 Stealth
 - Level 4.0 Spellcasting
 - Level 3.2 Conjurations
 - Level 1.0 Summonings
 + Level 5.7 Ice Magic


You had 4 spell levels left.
You knew the following spells:

 Your Spells              Type           Power        Failure   Level  Hunger
a - Freeze                Ice            ####         1%          1    None
b - Throw Frost           Conj/Ice       ###...       3%          2    #......
c - Summon Ice Beast      Ice/Summ       ###.....     38%         4    ####...
d - Throw Icicle          Conj/Ice       ###.....     24%         4    ####...


Dungeon Overview and Level Annotations

Branches:
Dungeon (5/15)
 Temple: D:4-7

Altars:

Annotations:
D:5 Menkaure


Innate Abilities, Weirdness & Mutations

You are small and have problems with some larger weapons.
You are carnivorous and can eat meat at any time.
Your mind is acute. (Int +2)
Your muscles are strong. (Str +2)


Message History

You feel sick.
You are no longer poisoned.
Menkaure calls on the powers of darkness!
Your body is wracked with pain!
Casting: Freeze
Confirm with . or Enter, or press ? or * to list all spells.
Aiming: Freeze
Press: ? - help, Shift-Dir - straight line, f/p - Menkaure
Aim: Menkaure (heavily damaged)
You freeze Menkaure.
Menkaure resists.
Menkaure is severely damaged.
Casting: Freeze
Confirm with . or Enter, or press ? or * to list all spells.
Aiming: Freeze
Press: ? - help, Shift-Dir - straight line, f/p - Menkaure
Aim: Menkaure (severely damaged)
You freeze Menkaure.
Menkaure resists.
Menkaure is severely damaged.
Menkaure hits you!!
You die...

##......######..............#
(.......## #..............#
.........#####..............#
....<..#....###.........#####
...)...####..###.########
....### ##.###.###.%.. ....
#............ ...
####.#....... .. #.@.$W....
###M...... .$..... .......
.$..... ....... .$.....
#.##...


You could see a phantom and Menkaure.

Vanquished Creatures
  The ghost of Pepeogr the Sneak, an amateur DrAs of Elyvilon (D:5)
  Edmund (D:4)
  An ice beast (D:5)
  An ogre (D:5)
  A scorpion (D:4)
  A crimson imp (D:2)
  A hound (D:4)
  A centaur skeleton (D:4)
  2 orc wizards
  Natasha (thrice) (D:3)
  A worker ant (D:5)
  3 adders
  An ooze (D:4)
  3 worms
  A leopard gecko (D:3)
  10 orcs
  9 bats
  2 giant cockroaches (D:2)
  6 goblins
  5 hobgoblins
  6 jackals
  6 quokkas
  2 ball pythons
  3 frilled lizards
  7 kobolds
  A leopard gecko skeleton (D:4)
  7 rats
86 creatures vanquished.

Notes
Turn   | Place    | Note
-------+----------+-------------------------------------------
     0 | D:1      | IcyTea the Kobold Ice Elementalist began the quest for the Orb.
     0 | D:1      | Reached XP level 1. HP: 10/10 MP: 3/3
   432 | D:1      | Reached XP level 2. HP: 15/15 MP: 3/5
   439 | D:1      | Learned a level 2 spell: Throw Frost
  1306 | D:2      | Reached XP level 3. HP: 17/19 MP: 4/6
  1873 | D:2      | Reached skill level 5 in Ice Magic
  1873 | D:2      | Reached XP level 4. HP: 24/24 MP: 3/7
  1880 | D:2      | Learned a level 4 spell: Summon Ice Beast
  1988 | D:3      | Reached skill level 1 in Summonings
  2345 | D:3      | Reached XP level 5. HP: 28/28 MP: 8/8
  2421 | D:3      | Noticed Natasha
  2424 | D:3      | Killed Natasha
  2434 | D:3      | Noticed Natasha
  2520 | D:3      | Killed Natasha
  2584 | D:3      | Noticed Natasha
  2661 | D:3      | Killed Natasha
  2930 | D:3      | Gained mutation: Your mind is acute. (Int +2) [potion of mutation]
  2930 | D:3      | Gained mutation: Your muscles are strong. (Str +2) [potion of mutation]
  2967 | D:3      | Learned a level 4 spell: Throw Icicle
  3185 | D:3      | Reached XP level 6. HP: 31/32 MP: 6/11
  3728 | D:4      | Noticed Edmund
  3806 | D:4      | Killed Edmund
  3806 | D:4      | Reached skill level 3 in Short Blades
  3806 | D:4      | Reached XP level 7. HP: 16/36 MP: 8/13
  4024 | D:4      | Reached skill level 4 in Short Blades
  4427 | D:5      | Entered Level 5 of the Dungeon
  4443 | D:5      | Reached skill level 5 in Short Blades
  4582 | D:5      | Noticed Pepeogr's ghost (amateur DrAs)
  4727 | D:5      | Killed Pepeogr's ghost
  4727 | D:5      | Reached skill level 7 in Short Blades
  4727 | D:5      | Reached XP level 8. HP: 29/41 MP: 4/14
  5050 | D:5      | Noticed Menkaure
  5060 | D:5      | Slain by Menkaure

Skill      XL: |  1  2  3  4  5  6  7 |
---------------+----------------------+-----
Ice Magic      | 4 5 |  5.7
Summonings     | 1 |  1.0
Spellcasting   | 3 4 |  4.0
Conjurations   | 3 |  3.2
Short Blades   | 3 7 |  7.0
Dodging        | |  2.4
Stealth        | |  2.6

Action                   |  1- 3 |  4- 6 |  7- 9 || total
-------------------------+-------+-------+-------++-------
Melee: Unarmed           |     2 |       |       ||     2
       Dagger            |    14 |     7 |       ||    21
       Rapier            |    32 |    50 |    35 ||   117
       Short sword       |     1 |       |       ||     1
 Cast: Freeze            |    31 |    29 |    22 ||    82
       Throw Frost       |     6 |    15 |    11 ||    32
       Summon Ice Beast  |       |       |     2 ||     2
  Use: Scroll            |     4 |     7 |     1 ||    12
       Potion            |       |     6 |     1 ||     7
 Stab: Sleeping          |     5 |     6 |     4 ||    15
  Eat: Chunk             |     9 |     7 |     7 ||    23
Armor: Robe              |     3 |    11 |     4 ||    18
Dodge: Dodged            |    57 |    52 |    38 ||   147
